 Dungeon Crawl Stone Soup version 0.14-a0-1192-g192f278 (webtiles) character file.

538 Psiweapon the Sneak (level 6, -5/52 HPs)
             Began as a Naga Warper on Dec 1, 2013.
             Was an Initiate of Cheibriados.
             Slain by Menkaure (20 damage)
             ... on Level 4 of the Dungeon.
             The game lasted 00:26:25 (4534 turns).

Psiweapon the Sneak (Naga Warper)                   Turns: 4534, Time: 00:26:27

HP  -5/52        AC  3     Str 14      XL: 6   Next: 74%
MP  18/18        EV  9     Int 17      God: Cheibriados [......]
Gold 159         SH  0     Dex 11      Spells:  3 memorised,  4 levels left

rFire  . . .     SeeInvis +     E - +0 sabre
rCold  + . .     Clarity  .     b - +0 leather armour
rNeg   . . .     Conserve .     (no shield)
rPois  +         rCorr    .     (no helmet)
rElec  .         rRot     .     (no cloak)
SustAb . .       Spirit   .     (no gloves)
rMut   .         Warding  .     (no barding)
Saprov . . .     Stasis   .     (no amulet)
                                o - ring of protection from cold
                                v - ring of magical power

@: very slow, somewhat resistant to hostile enchantments, quite stealthy
A: spit poison, see invisible, deformed body, poison resistance, slowness 2, AC
+2
a: Spit Poison, Bend Time, Renounce Religion


You were on level 4 of the Dungeon.
You worshipped Cheibriados.
Cheibriados was noncommittal.
You were hungry.

You visited 2 branches of the dungeon, and saw 5 of its levels.

You collected 159 gold pieces.

Inventory:

Hand weapons
 a - a +0,+0 short sword
 h - a +0,+0 dagger
 l - a +0,+0 sling
 z - a +2,+2 dwarven dagger of venom
 E - a +0,+0 sabre (weapon)
Missiles
 e - 42 darts (quivered)
 f - 10 darts of dispersal
 w - 29 stones
 x - 14 sling bullets
 I - 19 sling bullets of frost
Armour
 b - a +0 leather armour (worn)
Comestibles
 g - 2 bread rations
 m - an apple
 r - a meat ration
 G - a chunk of bat flesh
Scrolls
 d - 4 scrolls of blinking
 k - 3 scrolls of remove curse
 q - 2 scrolls of curse jewellery {unknown}
 t - a scroll of amnesia {unknown}
 y - a scroll of curse weapon {unknown}
 C - a scroll of teleportation
 D - 3 scrolls of fear {unknown}
 F - a scroll of noise {unknown}
 K - a scroll of magic mapping {unknown}
Jewellery
 o - a ring of protection from cold (right hand)
 u - an uncursed ring of teleportation
 v - a ring of magical power (left hand)
Potions
 i - a potion of invisibility
 n - a potion of agility
 p - 2 potions of restore abilities
 s - 2 potions of curing
 A - a potion of lignification {unknown}
Books
 c - a book of Spatial Translocations

   Spells                             Type                      Level
   *Apportation                       Translocation                1
   Portal Projectile                  Translocation                2
   *Blink                             Translocation                2
   *Shroud of Golubria                Charms/Translocation         2
   Teleport Other                     Translocation                3
   Passage of Golubria                Translocation                4


   Skills:
 - Level 2.0 Fighting
 - Level 2.0 Short Blades
 + Level 2.6 Slings
 - Level 2.0 Throwing
 - Level 2.1 Armour
 - Level 1.5 Dodging
 + Level 6.0 Stealth
 - Level 2.0 Spellcasting
 + Level 4.2 Translocations


You had 4 spell levels left.
You knew the following spells:

 Your Spells              Type           Power        Failure   Level  Hunger
a - Apportation           Tloc           ###.......   3%          1    #......
b - Blink                 Tloc           N/A          6%          2    ###....
c - Shroud of Golubria    Chrm/Tloc      #.........   14%         2    ###....


Dungeon Overview and Level Annotations

Branches:
Dungeon (4/16)             Temple (1/1) D:4

Altars:
Cheibriados
Fedhas
Kikubaaqudgha
Okawaru
Sif Muna
Zin

Annotations:
D:4 Menkaure


Innate Abilities, Weirdness & Mutations

You cannot wear boots.
You can spit poison.
Your serpentine skin is tough (AC +2).
You have supernaturally acute eyesight.
Armour fits poorly on your strangely shaped body.
Your system is resistant to poisons.
You cover ground very slowly.


Message History

Menkaure calls on the powers of darkness!
Your body is wracked with pain!
Menkaure hits you!
* * * LOW HITPOINT WARNING * * *
You closely miss Menkaure.
Menkaure is almost destroyed.
Menkaure casts a spell at you. You resist.
Drink which item? (? for menu, Esc to quit)
You feel much better. Menkaure closely misses you.
You hit Menkaure.
Menkaure is almost destroyed.
Menkaure casts a spell at you. Pain shoots through your body!
You barely miss Menkaure.
Menkaure is almost destroyed.
Menkaure calls on the powers of darkness!
Your body is wracked with pain!
* * * LOW HITPOINT WARNING * * *
Menkaure hits you!
You die...

..............# #.
......... ....# #.
........# #...# ###.
.........# #...# #...
..........###...# #...
..........'.'...+ #...
..........###...# #...
#..........##....# #...
........@?.##....# +...
.......M.........#####...
...........####.##...##+
...................>....
...........###.....#.###
........#.# #....^.....
.......#.. #.....##...
......###.#......#...
..###.....#...#..#


You could see Menkaure.

Vanquished Creatures
  2 phantoms (D:4)
  2 orc wizards (D:3)
  Terence (D:2)
  5 adders
  A giant mite (D:2)
  A worm (D:2)
  An ooze (D:1)
  2 orcs (D:3)
  9 giant cockroaches
  12 hobgoblins
  2 ball pythons (D:2)
  11 bats
  4 giant newts
  9 goblins
  A goblin skeleton (D:4)
  8 jackals
  10 kobolds
  8 rats
89 creatures vanquished.

Notes
Turn   | Place    | Note
--------------------------------------------------------------
     0 | D:1      | Psiweapon, the Naga Warper, began the quest for the Orb.
     0 | D:1      | Reached XP level 1. HP: 18/18 MP: 1/1
   140 | D:1      | Reached skill level 1 in Throwing
   259 | D:1      | Reached skill level 1 in Stealth
   263 | D:1      | Reached XP level 2. HP: 13/25 MP: 3/3
  1188 | D:1      | Reached XP level 3. HP: 31/31 MP: 4/4
  1205 | D:1      | Learned a level 2 spell: Blink
  1516 | D:1      | Reached skill level 1 in Armour
  1764 | D:2      | Noticed Terence
  1771 | D:2      | Killed Terence
  1779 | D:2      | Reached XP level 4. HP: 18/39 MP: 6/6
  2515 | D:2      | Reached skill level 4 in Stealth
  2534 | D:2      | Learned a level 2 spell: Shroud of Golubria
  2929 | D:2      | Reached XP level 5. HP: 42/45 MP: 7/7
  3434 | D:3      | Reached skill level 1 in Slings
  4174 | D:3      | Reached skill level 5 in Stealth
  4211 | D:4      | Found a staircase to the Ecumenical Temple.
  4213 | D:4      | Noticed a phantom
  4243 | Temple   | Entered the Ecumenical Temple
  4252 | Temple   | Became a worshipper of Cheibriados the Contemplative
  4283 | D:4      | Killed a phantom
  4283 | D:4      | Reached XP level 6. HP: 28/52 MP: 9/9
  4457 | D:4      | Noticed a phantom
  4477 | D:4      | Killed a phantom
  4511 | D:4      | Noticed Menkaure
  4518 | D:4      | Reached skill level 6 in Stealth
  4534 | D:4      | Slain by Menkaure

Action                   |  1- 3 |  4- 6 || total
-------------------------+-------+-------++-------
Melee: Short sword       |   105 |    70 ||   175
       Dagger            |       |    55 ||    55
       Sabre             |       |    14 ||    14
 Fire: Sling             |       |    59 ||    59
Throw: Dart              |     8 |     9 ||    17
 Cast: Blink             |     2 |       ||     2
       Shroud of Golubri |       |    18 ||    18
 Abil: Spit Poison       |    18 |    33 ||    51
  Use: Scroll            |     3 |     7 ||    10
       Potion            |       |     4 ||     4
 Stab: Sleeping          |     1 |     3 ||     4
